 Dungeon Crawl Stone Soup version 0.29-a0-581-ge9a90b7 (webtiles) character file.

Game seed: 8638172321462916373

0 Illumine the Firebug (level 1, -1/19 HPs)
             Began as a Meteoran Cinder Acolyte on June 13, 2022.
             Was a High Priest of Ignis.
             Succumbed to a kobold's poison
             ... on level 1 of the Dungeon.
             The game lasted 00:00:20 (28 turns).

Illumine the Firebug (Meteoran Cinder Acolyte)        Turns: 28, Time: 00:00:20

Health: -1/19      AC:  9    Str: 15    XL:     1   Next: 14%
Magic:  3/3        EV: 11    Int: 15    God:    Ignis [*****.]
Gold:   0          SH:  0    Dex:  9    Spells: 2/2 levels left

rFire   + . .      SeeInvis .   a - -1 hand axe (flame)
rCold   . . .      Faith    .   (no shield)
rNeg    . . .      Spirit   .   b - +0 robe
rPois   .          Reflect  .   (no helmet)
rElec   .          Harm     .   (no cloak)
rCorr   .          Rampage  .   (no gloves)
Will    .....                   (no boots)
Stlth   +.........              (no amulet)
HPRegen 0.06/turn               (no ring)
MPRegen 0.08/turn               (no ring)

@: lethally poisoned (-1 -> -11), fiery-armoured, glowing
A: sense surroundings 1, otherworldly, glowing, explore regen
a: Renounce Religion, Fiery Armour, Foxfire Swarm, Rising Flame


You were on level 1 of the Dungeon.
You worshipped Ignis.
Ignis was extremely pleased with you.
You visited 1 branch of the dungeon, and saw 1 of its levels.

Inventory:

Hand Weapons
 a - a -1 hand axe of flaming (weapon)
Armour
 b - a +0 robe (worn)


   Skills:
 + Level 3.3 Fighting
 * Level 3.6 Axes
 + Level 0.0 Dodging
 - Level 1.3 Spellcasting
 - Level 3.6 Fire Magic


You had 2 spell levels left.
You didn't know any spells.
Your spell library contained the following spells:

 Spells                   Type           Power      Damage    Failure   Level
 Scorch                   Fire           22%        2d6       9%          2


Dungeon Overview and Level Annotations

Branches:
Dungeon (1/15)

Altars:


Innate Abilities, Weirdness & Mutations

You passively map a small area around you.
You are easily found by Zot.
You glow in the dark.
You regain HP and MP as you explore.


Message History

Welcome, Illumine the Meteoran Cinder Acolyte.
You feel drawn to the Orb of Zot, downwards into the unfathomable depths...
The flames of Ignis gently warm you.
Press ? for a list of commands and other information.
Found a staircase leading out of the dungeon.
You open the door.
There is an open door here.
A kobold comes into view.
It is wielding a +1 short sword of venom.
You hit the kobold but do no damage.
The kobold hits you with a +1 short sword of venom.
You are poisoned.
A protective cloak of flame settles atop you.
You feel very sick. The kobold hits you but does no damage.
You are lethally poisoned!
The kobold is burned by your cloak of flames.
You kill the kobold!
You aren't carrying any scrolls.
You aren't carrying any potions.
Unknown command.
You feel very sick.
* * * LOW HITPOINT WARNING * * *
You feel very sick.
* * * LOW HITPOINT WARNING * * *
You feel very sick.
You die...

, ..##, , , , ...
... , .. * ######.#
* * #......# ,
#.....# #...@.# ,
#.....# * #.....##.
#########........#
#.............##...
* ,
#...#####)....#* ..
##...## #.....# . ,
##...# #.....# , ,
# ,#...###.#####


There were no monsters in sight!

Vanquished Creatures
  A kobold (D:1)
1 creature vanquished.

Notes
Turn   | Place    | Note
-------+----------+-------------------------------------------
     0 | D:1      | Illumine the Meteoran Cinder Acolyte began the quest for
                  | the Orb.
     0 | D:1      | Reached XP level 1. HP: 19/19 MP: 3/3
    28 | D:1      | Succumbed to a kobold's poison

Illustrated notes

Levels and vault maps discovered:
D:1:      evilmike_arrival_crescent, layout_rooms,
          ebering_ecumenical_altar_sacrificial, serial_co_window_serial,
          co_window_paths_a, co_window_paths_a, co_window_paths_a,
          co_window_corner_a, co_window_paths_a, co_window_of_opportunity_a,
          co_window_corner_a, co_window_of_opportunity_c, co_window_corner_cb,
          co_window_corner_b, co_window_4corner_b, glass_columns_a,
          glass_columns_a, glass_columns_b, glass_columns_a, minivault_19

Action                   || total
-------------------------++-------
Melee: Hand axe          ||     1
Invok: Fiery Armour      ||     1
Armor: Robe              ||     1

Table legend: (Time is in decaauts)
 A = Elapsed time spent in this place.
 B = Non-inter-level travel time spent in this place.
 C = Inter-level travel time spent in this place.
 D = Time resting spent in this place.
 E = Time spent auto-exploring this place.
 F = Levels seen in this place.
 G = Mean time per level.
                   A        B        C        D        E       F      G
               +--------+--------+--------+--------+--------+-----+--------+
         Total |     28 |     28 |      0 |      0 |     22 |   1 |   28.0 |
       Dungeon |     28 |     28 |      0 |      0 |     22 |   1 |   28.0 |
               +--------+--------+--------+--------+--------+-----+--------+

Top non-repeatable levels by time:
     D:1: 28 daAuts
